%YAML 1.1
%TAG !u! tag:unity3d.com,2011:
--- !u!114 &-2753122083138435008
MonoBehaviour:
  m_ObjectHideFlags: 0
  m_CorrespondingSourceObject: {fileID: 0}
  m_PrefabInstance: {fileID: 0}
  m_PrefabAsset: {fileID: 0}
  m_GameObject: {fileID: 0}
  m_Enabled: 1
  m_EditorHideFlags: 0
  m_Script: {fileID: 11500000, guid: f81dd184fbdef204da07b4c87cb98ece, type: 3}
  m_Name: Dialogue
  m_EditorClassIdentifier: 
  graph: {fileID: 11400000}
  position: {x: -40, y: 8}
  ports:
    keys:
    - input
    - output
    values:
    - _fieldName: input
      _node: {fileID: -2753122083138435008}
      _typeQualifiedName: GraphNode, Assembly-CSharp, Version=0.0.0.0, Culture=neutral,
        PublicKeyToken=null
      connections:
      - fieldName: output
        node: {fileID: 6586099221814921223}
        reroutePoints: []
      _direction: 0
      _connectionType: 0
      _typeConstraint: 0
      _dynamic: 0
    - _fieldName: output
      _node: {fileID: -2753122083138435008}
      _typeQualifiedName: GraphNode, Assembly-CSharp, Version=0.0.0.0, Culture=neutral,
        PublicKeyToken=null
      connections:
      - fieldName: input
        node: {fileID: 4972587335204326586}
        reroutePoints: []
      _direction: 1
      _connectionType: 0
      _typeConstraint: 0
      _dynamic: 0
  input: {fileID: 0}
  output: {fileID: -2753122083138435008}
  key: 
  dialogue: Boy am I glad you're here!
  voiceover: {fileID: 0}
  expression: {fileID: 11400000, guid: 3203cf25fb429304f99e9efbc4f7854c, type: 2}
--- !u!114 &11400000
MonoBehaviour:
  m_ObjectHideFlags: 0
  m_CorrespondingSourceObject: {fileID: 0}
  m_PrefabInstance: {fileID: 0}
  m_PrefabAsset: {fileID: 0}
  m_GameObject: {fileID: 0}
  m_Enabled: 1
  m_EditorHideFlags: 0
  m_Script: {fileID: 11500000, guid: 575ee7957a1de9f4db8bad12fc1298e3, type: 3}
  m_Name: FirstResponder-G-1
  m_EditorClassIdentifier: 
  nodes:
  - {fileID: 6861675557581764880}
  - {fileID: 6586099221814921223}
  - {fileID: -2753122083138435008}
  - {fileID: 4972587335204326586}
  timesVisited: 0
  inProgress: 0
--- !u!114 &4972587335204326586
MonoBehaviour:
  m_ObjectHideFlags: 0
  m_CorrespondingSourceObject: {fileID: 0}
  m_PrefabInstance: {fileID: 0}
  m_PrefabAsset: {fileID: 0}
  m_GameObject: {fileID: 0}
  m_Enabled: 1
  m_EditorHideFlags: 0
  m_Script: {fileID: 11500000, guid: 204db00e3627e24409d366ace3364f73, type: 3}
  m_Name: Exit
  m_EditorClassIdentifier: 
  graph: {fileID: 11400000}
  position: {x: 214.7272, y: 55.304672}
  ports:
    keys:
    - input
    - output
    values:
    - _fieldName: input
      _node: {fileID: 4972587335204326586}
      _typeQualifiedName: GraphNode, Assembly-CSharp, Version=0.0.0.0, Culture=neutral,
        PublicKeyToken=null
      connections:
      - fieldName: output
        node: {fileID: -2753122083138435008}
        reroutePoints: []
      _direction: 0
      _connectionType: 0
      _typeConstraint: 0
      _dynamic: 0
    - _fieldName: output
      _node: {fileID: 4972587335204326586}
      _typeQualifiedName: GraphNode, Assembly-CSharp, Version=0.0.0.0, Culture=neutral,
        PublicKeyToken=null
      connections: []
      _direction: 1
      _connectionType: 0
      _typeConstraint: 0
      _dynamic: 0
  input: {fileID: 0}
  output: {fileID: 4972587335204326586}
  key: 
--- !u!114 &6586099221814921223
MonoBehaviour:
  m_ObjectHideFlags: 0
  m_CorrespondingSourceObject: {fileID: 0}
  m_PrefabInstance: {fileID: 0}
  m_PrefabAsset: {fileID: 0}
  m_GameObject: {fileID: 0}
  m_Enabled: 1
  m_EditorHideFlags: 0
  m_Script: {fileID: 11500000, guid: f81dd184fbdef204da07b4c87cb98ece, type: 3}
  m_Name: Dialogue
  m_EditorClassIdentifier: 
  graph: {fileID: 11400000}
  position: {x: -328, y: -8}
  ports:
    keys:
    - input
    - output
    values:
    - _fieldName: input
      _node: {fileID: 6586099221814921223}
      _typeQualifiedName: GraphNode, Assembly-CSharp, Version=0.0.0.0, Culture=neutral,
        PublicKeyToken=null
      connections:
      - fieldName: output
        node: {fileID: 6861675557581764880}
        reroutePoints: []
      _direction: 0
      _connectionType: 0
      _typeConstraint: 0
      _dynamic: 0
    - _fieldName: output
      _node: {fileID: 6586099221814921223}
      _typeQualifiedName: GraphNode, Assembly-CSharp, Version=0.0.0.0, Culture=neutral,
        PublicKeyToken=null
      connections:
      - fieldName: input
        node: {fileID: -2753122083138435008}
        reroutePoints: []
      _direction: 1
      _connectionType: 0
      _typeConstraint: 0
      _dynamic: 0
  input: {fileID: 0}
  output: {fileID: 6586099221814921223}
  key: 
  dialogue: Good evening, Detective.
  voiceover: {fileID: 0}
  expression: {fileID: 11400000, guid: 3b89c039a133f1c48b36ca2a033c0a28, type: 2}
--- !u!114 &6861675557581764880
MonoBehaviour:
  m_ObjectHideFlags: 0
  m_CorrespondingSourceObject: {fileID: 0}
  m_PrefabInstance: {fileID: 0}
  m_PrefabAsset: {fileID: 0}
  m_GameObject: {fileID: 0}
  m_Enabled: 1
  m_EditorHideFlags: 0
  m_Script: {fileID: 11500000, guid: db7b180e58fcaec40b043e431cc3d64d, type: 3}
  m_Name: Entry
  m_EditorClassIdentifier: 
  graph: {fileID: 11400000}
  position: {x: -545.6848, y: 35.13625}
  ports:
    keys:
    - input
    - output
    values:
    - _fieldName: input
      _node: {fileID: 6861675557581764880}
      _typeQualifiedName: GraphNode, Assembly-CSharp, Version=0.0.0.0, Culture=neutral,
        PublicKeyToken=null
      connections: []
      _direction: 0
      _connectionType: 0
      _typeConstraint: 0
      _dynamic: 0
    - _fieldName: output
      _node: {fileID: 6861675557581764880}
      _typeQualifiedName: GraphNode, Assembly-CSharp, Version=0.0.0.0, Culture=neutral,
        PublicKeyToken=null
      connections:
      - fieldName: input
        node: {fileID: 6586099221814921223}
        reroutePoints: []
      _direction: 1
      _connectionType: 0
      _typeConstraint: 0
      _dynamic: 0
  input: {fileID: 0}
  output: {fileID: 6861675557581764880}
  key: 
  visit: 0
